 Dungeon Crawl Stone Soup version 0.30.0 (webtiles) character file.

Game seed: 10250916908098087921

3 avis the Sneak (level 1, 0/11 HPs)
             Began as a Vine Stalker Brigand on May 6, 2023.
             Slain by a jackal (2 damage)
             ... on level 1 of the Dungeon.
             The game lasted 00:00:59 (50 turns).

avis the Sneak (Vine Stalker Brigand)                 Turns: 50, Time: 00:01:00

Health: 0/11       AC:  3    Str: 13    XL:     1   Next: 50%
Magic:  0/2        EV: 11    Int: 11    God:
Gold:   0          SH:  0    Dex: 15    Spells: 0/0 levels left

rFire   . . .        a - +2 dagger
rCold   . . .        (no shield)
rNeg    . . .        b - +0 robe
rPois   .            (no helmet)
rElec   .            c - +0 cloak
rCorr   .            (no gloves)
SInv    .            (no boots)
Will    .....        (no amulet)
Stlth   +++          (no ring)
HPRegen 0.21/turn    (no ring)
MPRegen 0.08/turn

%: guardian spirit
@: no status effects
A: fangs 2, magic shield, antimagic bite, no potion heal 2
a: no special abilities


You were on level 1 of the Dungeon.
You visited 1 branch of the dungeon, and saw 1 of its levels.

Inventory:

Hand Weapons
 a - a +2 dagger (weapon)
Missiles
 d - 9 poisoned darts (quivered)
 e - 3 curare-tipped darts
Armour
 b - a +0 robe (worn)
 c - a +0 cloak (worn)


   Skills:
 + Level 1.8 Fighting
 * Level 2.0 Short Blades
 - Level 1.7 Throwing
 - Level 0.7 Dodging
 - Level 4.8 Stealth


You couldn't memorise any spells.
You didn't know any spells.
Your spell library contained the following spells:

 Spells                   Type           Power      Damage    Failure   Level
 Sting                    Tmut/Pois      0%         1d3       34%         1
 Poisonous Vapours        Pois/Air       0%         N/A       47%         2
 Olgreb's Toxic Radiance  Pois           0%         N/A       98%         4


Dungeon Overview and Level Annotations

Branches:
Dungeon (1/15)

Altars:


Innate Abilities, Weirdness & Mutations

You have extremely sharp teeth.
When hurt, damage is shared between your health and your magic reserves.
Your bite disrupts and absorbs the magic of your enemies.
Potions cannot restore your health.


Message History

The jackal closely misses you. The jackal bites you. x2
You hit the jackal.
You kill the jackal!
The jackal bites you but does no damage.
The jackal bites you.
The jackal bites you but does no damage. x2
You closely miss the jackal. The jackal barely misses you.
The jackal misses you. The jackal barely misses you.
The jackal closely misses you.
You hit the jackal but do no damage. You punch the jackal.
Your bite misses the jackal.
The jackal is heavily wounded.
The jackal closely misses you. The jackal barely misses you.
The jackal misses you.
You hit the jackal. You bite the jackal.
You kill the jackal!
The jackal bites you but does no damage. x2
The jackal closely misses you.
The jackal bites you but does no damage.
Your Short Blades skill increases to level 2!
You closely miss the jackal. Your bite misses the jackal.
The jackal bites you. x3
The jackal bites you but does no damage.
You closely miss the jackal. The jackal bites you. x2
* * * LOW HITPOINT WARNING * * *
The jackal barely misses you.
Unknown command.
You barely miss the jackal. The jackal closely misses you.
The jackal barely misses you. x2
You miss the jackal.
The goblin shouts!
You bite the jackal, but do no damage.
The jackal bites you but does no damage.
The jackal misses you.
The jackal bites you but does no damage.
The jackal closely misses you. x2
You hit the jackal but do no damage.
A bat comes into view.
The jackal bites you but does no damage. x3
The jackal bites you.
You die...

### # .##
#..
..#..###.##
#...#.....
..#...#.h##
#...#...#@#
..#...#.hh#
#...#...#.#
#b..#...#
#...#..†#.#
..#..g#...#
#...#...#.#
..#...#...#
#h..#...#.##


You could see 3 jackals, a goblin and a bat (wandering).

Vanquished Creatures
  2 jackals (D:1)
  A rat (D:1)
3 creatures vanquished.

Notes
Turn   | Place    | Note
-------+----------+-------------------------------------------
     0 | D:1      | avis the Vine Stalker Brigand began the quest for the Orb.
     0 | D:1      | Reached XP level 1. HP: 11/11 MP: 2/2
    50 | D:1      | Slain by a jackal

Illustrated notes

Levels and vault maps discovered:
D:1:      minmay_arrival_wavy_path, layout_loops_ring,
          wad_floor_pattern_untrapped, minivault_25, hangedman_feature_mirror,
          hex_large, feat_on_display

Skill      XL: |  1 |
---------------+----+-----
Short Blades   | 2 |  2.0
Fighting       | |  1.8
Throwing       | |  1.7
Dodging        | |  0.7
Stealth        | |  4.8

Action                     || total
---------------------------++-------
  Melee: Dagger            ||    13
         Bite              ||     2
         Punch             ||     1
   Stab: Sleeping          ||     1
 Armour: Robe              ||    13
  Dodge: Dodged            ||    19
